 Dungeon Crawl Stone Soup version 0.29.0-15-g675c0067aa (webtiles) character file.

Game seed: 3284401978410521953

149 qw the Chopper (level 5, -2/32 HPs)
             Began as a Gargoyle Fighter on Sept 12, 2022.
             Slain by Sigmund
             ... wielding a +0 scythe of protection
              (6 damage)
             ... on level 3 of the Dungeon.
             The game lasted 00:00:56 (2486 turns).

qw the Chopper (Gargoyle Fighter)                   Turns: 2486, Time: 00:00:57

Health: -2/32      AC: 15    Str: 21    XL:     5   Next: 31%
Magic:  5/5        EV:  5    Int:  9    God:
Gold:   134        SH:  4    Dex:  9    Spells: 4/4 levels left

rFire   . . .      SeeInvis .   Y - +1 war axe
rCold   . . .      Faith    .   c - +0 buckler
rNeg    + . .      Spirit   .   k - +0 plate armour
rPois   inf        Reflect  .   (no helmet)
rElec   +          Harm     .   (no cloak)
rCorr   .          Rampage  .   (no gloves)
Will    .....                   (no boots)
Stlth   ..........              (no amulet)
HPRegen 0.10/turn               (no ring)
MPRegen 0.09/turn               (no ring)

@: no status effects
A: sickness immunity, AC +4, negative energy resistance 1, electricity
resistance, torment resistance 1, petrification resistance
a: no special abilities


You were on level 3 of the Dungeon.
You visited 1 branch of the dungeon, and saw 3 of its levels.

You collected 134 gold pieces.


Innate Abilities, Weirdness & Mutations

You are immune to sickness and miasma.
Your stone body is resilient. (AC +4)
You are immune to poison.
You resist negative energy. (rN+)
You are resistant to electric shocks. (rElec)
You are resistant to unholy torment.
You are immune to petrification.


   Skills:
 - Level 3.2 Fighting
 + Level 4.9 Axes
 - Level 3.2 Armour
 - Level 3.2 Shields


You had 4 spell levels left.
You didn't know any spells.
Your spell library was empty.

Inventory:

Hand Weapons
 j - a +1 whip of electrocution
 Y - a +1 war axe (weapon)
Missiles
 a - a boomerang (quivered)
Armour
 c - a +0 buckler (worn)
 k - a +0 plate armour (worn)
Scrolls
 i - 2 scrolls of identify
Potions
 d - 2 potions of might

Dungeon Overview and Level Annotations

Branches:
Dungeon (3/15)

Altars:

Annotations:
D:3 Sigmund


Message History

You barely miss the endoplasm. You miss something.
The adder bites you but does no damage. You block the endoplasm's attack.
Something hits you but does no damage.
You barely miss the adder.
The adder is severely wounded.
You miss something. You hit the endoplasm.
The adder bites you but does no damage. The endoplasm freezes you.
You are frozen.
The adder closely misses you.
You hit the adder.
You kill the adder!
You miss something. You hit the endoplasm.
You kill the endoplasm!
Something hits you but does no damage.
You barely miss something. Something hits you.
You closely miss something. Something hits you but does no damage.
You miss something. Something hits you but does no damage.
You barely miss something. Something hits you but does no damage.
You miss something.
You hear some strange, mumbled words.
A magic dart appears from out of thin air!
The magic dart hits you.
You closely miss something. Something hits you but does no damage.
You hit something but do no damage.
You hear some strange, mumbled words.
A magic dart appears from out of thin air!
The magic dart hits you but does no damage.
You hit something. Something hits you but does no damage.
You hit something. Something hits you but does no damage.
You closely miss something. You closely miss something. Something hits you.
You die...

#.###.....#####.@.
#<#.(.#.<.# .....
#...###...# .....
#########.#######.....
....................
#######.#####.......
#.# .......
#.#####{......
#....%@.......
#######....... .......
....... .......
.###### ##


There were no monsters in sight!

Vanquished Creatures
  An orc wizard (D:3)
  7 adders
  A worm (D:2)
  2 dart slugs (D:1)
  5 orcs
  4 endoplasms
  A giant cockroach (D:1)
  3 goblins
  2 hobgoblins (D:1)
  6 quokkas
  6 ball pythons
  5 bats
  3 frilled lizards
  2 kobolds
  3 rats (D:1)
51 creatures vanquished.

Vanquished Creatures (others)
  2 fungi (D:3)
  3 plants (D:2)
5 creatures vanquished.

Grand Total: 56 creatures vanquished

Notes
Turn   | Place    | Note
-------+----------+-------------------------------------------
     0 | D:1      | qw the Gargoyle Fighter began the quest for the Orb.
     0 | D:1      | Reached XP level 1. HP: 14/14 MP: 1/1
     0 | D:1      | 0 ||| qw: Version: 0.1-a-119-g272c26d
     0 | D:1      | 0 ||| qw: Game counter: 10770
     0 | D:1      | 0 ||| qw: Always use a shield: true
     0 | D:1      | 0 ||| qw: God list: Okawaru
     0 | D:1      | 0 ||| qw: Allow faded altars: false
     0 | D:1      | 0 ||| qw: Do Orc after D:15 true
     0 | D:1      | 0 ||| qw: Do second Lair branch before Depths: true
     0 | D:1      | 0 ||| qw: Lair rune preference: random
     0 | D:1      | 0 ||| qw: Plans: Normal, Zot, God:TSO, Crypt, Tomb, Pan,
                  | Slime, Hells, Zig, Abyss, Orb
     0 | D:1      | 0 ||| PLANNING D:1-11
    27 | D:1      | Reached skill level 2 in Axes
   162 | D:1      | 162 ||| Stepping ~*~*~tactically~*~*~ (hiding).
   301 | D:1      | 301 ||| Stepping ~*~*~tactically~*~*~ (hiding).
   311 | D:1      | Reached XP level 2. HP: 17/19 MP: 2/2
   703 | D:1      | Reached skill level 3 in Axes
   951 | D:1      | 951 ||| UPGRADING to +0 plate armour.
   961 | D:1      | 961 ||| DROPPING +0 scale mail.
   962 | D:1      | 962 ||| DROPPING ring of wizardry.
   963 | D:1      | 963 ||| READING scroll labelled QONAWA QUXILU.
   964 | D:1      | 964 ||| READING 4 scrolls labelled KOGRIP NATIWKU.
   965 | D:1      | 965 ||| READING scroll labelled OJOSEH DUTARHA.
   966 | D:1      | 966 ||| DRINKING 2 bubbling pink potions.
   967 | D:1      | 967 ||| DRINKING 2 fizzy blue potions.
   968 | D:1      | 968 ||| READING 3 scrolls of identify.
   968 | D:1      | 968 ||| IDENTIFYING inky potion
   969 | D:1      | 969 ||| DROPPING potion of flight.
   970 | D:1      | 970 ||| DROPPING potion of invisibility.
   971 | D:1      | 971 ||| DROPPING potion of brilliance.
  1059 | D:2      | Reached XP level 3. HP: 23/23 MP: 3/3
  1062 | D:2      | 1062 ||| Stepping randomly (stuck).
  1384 | D:2      | Identified the +7 dagger "Dragonbane" {holy, rF+ rN+ Str+2
                  | SInv}
  1533 | D:2      | Reached XP level 4. HP: 28/28 MP: 4/4
  1572 | D:2      | Reached skill level 4 in Axes
  1619 | D:2      | 1619 ||| Stepping ~*~*~tactically~*~*~ (stealth).
  1950 | D:2      | 1950 ||| READING scroll labelled SYNKIE ETSOE.
  2051 | D:2      | 2051 ||| READING 3 scrolls of identify.
  2051 | D:2      | 2051 ||| IDENTIFYING bubbling amethyst potion
  2052 | D:2      | 2052 ||| DROPPING potion of ambrosia.
  2076 | D:3      | 2076 ||| STAIRDANCE
  2176 | D:3      | Reached XP level 5. HP: 9/32 MP: 5/5
  2235 | D:3      | 2235 ||| FLEEEEING.
  2237 | D:3      | 2237 ||| STAIRDANCE
  2417 | D:3      | Noticed Sigmund
  2418 | D:3      | 2418 ||| Stepping ~*~*~tactically~*~*~ (stealth).
  2433 | D:3      | 2433 ||| Stepping ~*~*~tactically~*~*~ (stealth).
  2476 | D:3      | HP: 5/32 [something (5)]
  2486 | D:3      | Slain by Sigmund

Levels and vault maps discovered:
D:1:      lightli_arrival_statuegarden, layout_basic
D:2:      layout_loops_ring, minmay_strange_pillars,
          chequers_serial_rivers_large_b, guppyfry_early_lair_pool
D:3:      layout_basic, shapermc_ecumenical_altar_acropolis, uniq_terence,
          uniq_sigmund

Skill      XL: |  1  2  3  4 |
---------------+-------------+-----
Axes           | 2 3 4 |  4.9
Fighting       | |  3.2
Armour         | |  3.2
Shields        | |  3.2

Action                   |  1- 3 |  4- 6 || total
-------------------------+-------+-------++-------
Melee: War axe           |   100 |    90 ||   190
Throw: Boomerang         |       |     1 ||     1
  Use: Scroll            |     4 |     2 ||     6
       Potion            |     2 |       ||     2
Armor: Scale mail        |    35 |       ||    35
       Plate armour      |    19 |    63 ||    82
Dodge: Dodged            |    36 |    27 ||    63
Block: Buckler           |    17 |    19 ||    36

Table legend:
 A = Non-vault XP
 B = Vault XP
 C = Vault XP percentage of total XP
 D = Non-vault monster count
 E = Vault monster count
 F = Vault count percentage of total count
                 A         B        C        D         E       F
            +---------+---------+-------+---------+---------+-------
      Total |     213 |       0 |   0.0 |      51 |       0 |   0.0
            +---------+---------+-------+---------+---------+-------
        D:1 |      31 |       0 |   0.0 |      17 |       0 |   0.0
        D:2 |     103 |       0 |   0.0 |      24 |       0 |   0.0
        D:3 |      79 |       0 |   0.0 |      10 |       0 |   0.0
            +---------+---------+-------+---------+---------+-------
